Map: Orbital Shipyard

Players

StrAnGe

  • Race: Zerg Zerg
  • League: Diamond

LilDicky - Winner!

  • Race: Terran Terran
  • League: Diamond

VOD

http://www.twitch.tv/tumescentpie

Description

Time

  • Played on: Dec. 3, 2015, 10:37 a.m.
  • Length: 12:42
Show
View Real Time Build Order
Export as new Build Order

StrAnGe Zerg 

Build Orders: Hatch First, Muta Ling Bane 

Get SALT Encoding   

  12  0:04  Drone  
  13  0:12  Drone  
  14  0:25  Overlord  
  14  0:29  Drone, Extractor  
  14  0:32  Extractor  
  14  0:33  Drone  
  16  0:44  Drone  
  17  1:00  Hatchery  
  16  1:08  Spawning Pool  
  16  1:10  Drone  
  16  1:14  Drone  
  17  1:20  Drone  
  18  1:40  Hatchery  
  18  1:41  Drone  
  18  1:43  Drone  
  19  1:49  Drone, Extractor  
  19  1:57  Queen  
  21  2:15  Queen  
  23  2:40  Queen  
  23  2:42  Drone  
  23  2:43  Drone x2  
  28  2:44  Overlord  
  28  3:03  Drone x3  
  31  3:12  Queen  
  33  3:18  Overlord x2  
  33  3:19  Drone  
  34  3:20  Drone x2  
  34  3:22  Drone  
  34  3:25  Drone  
  38  3:33  Drone  
  40  3:34  Drone x3  
  40  3:38  Drone  
  43  3:42  Drone x3  
  46  3:48  Drone  
  46  3:50  Overlord x2  
  45  4:09  Drone x4  
  49  4:11  Drone x2  
  49  4:12  Drone  
  49  4:17  Queen  
  52  4:18  Overlord x2  
  52  4:19  Drone  
  52  4:22  Lair  
  52  4:23  Drone x3  
  58  4:24  Extractor  
  58  4:26  Extractor  
  58  4:27  Drone x3  
  58  4:31  Drone, Extractor  
  58  4:32  Drone  
  58  4:59  Drone x4  
  62  5:00  Drone  
  62  5:01  Drone x5  
  68  5:21  Drone x2  
  68  5:26  Spire  
  69  5:29  Baneling Nest  
  69  5:32  Evolution Chamber x2  
  65  5:38  Drone x4  
  65  5:40  Extractor  
  65  5:41  Extractor  
  67  5:43  Drone x2  
  67  5:44  Drone x3  
  67  5:48  Zergling x2  
  67  5:49  Zergling x16  
  81  6:02  Zerg Ground Armor Level 1, Zerg Melee Weapons Level 1  
  81  6:05  Metabolic Boost  
  81  6:07  Roach Warren  
  80  6:30  Drone x2  
  80  6:31  Overlord x4  
  80  6:32  Overlord  
  82  6:40  Hatchery  
  82  6:45  Zerg Flyer Weapons Level 1  
  81  6:57  Drone x5  
  81  6:58  Drone  
  87  7:01  Centrifical Hooks  
  87  7:04  Zergling x20  
  97  7:12  Overlord x3  
  97  7:13  Mutalisk  
  97  7:14  Mutalisk x6  
  111  7:16  Mutalisk  
  113  7:45  Queen  
  113  7:50  Extractor  
  114  7:51  Mutalisk x3  
  114  7:52  Mutalisk x2  
  114  7:54  Drone, Extractor  
  114  7:55  Drone x10  
  134  8:03  Infestation Pit  
  133  8:08  Drone  
  134  8:13  Glial Reconstitution  
  134  8:19  Drone  
  135  8:20  Drone x5  
  135  8:21  Drone x2  
  140  8:32  Drone  
  137  8:39  Zerg Flyer Armor Level 1  
  135  9:08  Mutalisk, Zergling x2  
  135  9:09  Mutalisk x8  
  140  9:27  Mutalisk  
  140  9:28  Mutalisk x4  
  140  9:29  Zergling x2  
  146  9:33  Overlord x4  
  134  9:46  Zergling x2  
  132  9:57  Baneling  
  132  9:58  Baneling x11  
  100  10:09  Zergling x14  
  64  10:42  Overlord x3  
  63  11:04  Overlord x4  
  63  11:11  Hatchery  
  62  11:25  Hatchery  
  61  11:27  Baneling  
  61  11:28  Baneling x11  
  61  11:29  Zergling x4  
  61  11:30  Zergling x10  
  68  11:37  Overseer x3  
  68  11:53  Zergling x2  
  53  12:08  Zergling x2  
  53  12:09  Zergling x16  
  52  12:28  Baneling  
Show
View Real Time Build Order
Export as new Build Order

LilDicky Terran - Winner!

Build Orders: Bio Tank, MMM Bio 

Get SALT Encoding   

  12  0:02  SCV  
  13  0:14  SCV  
  13  0:18  Supply Depot  
  14  0:27  SCV  
  15  0:38  Refinery  
  15  0:40  SCV  
  16  0:44  Barracks  
  16  0:52  SCV  
  17  1:04  SCV  
  18  1:16  SCV  
  19  1:28  SCV  
  19  1:32  Reaper  
  21  1:41  Orbital Command  
  21  1:45  Command Center  
  21  2:03  Factory  
  21  2:09  Refinery  
  21  2:10  SCV  
  21  2:11  Barracks Tech Lab  
  22  2:21  Supply Depot  
  22  2:22  SCV  
  23  2:42  Marine  
  24  2:45  SCV  
  25  3:03  Orbital Command  
  25  3:04  Command Center  
  25  3:13  Siege Tank  
  25  3:18  SCV  
  25  3:19  Barracks Reactor  
  29  3:30  SCV  
  29  3:33  SCV  
  31  3:42  SCV  
  31  3:44  Starport  
  31  3:45  SCV  
  33  3:49  Refinery  
  33  3:54  SCV  
  34  3:58  SCV  
  35  4:06  SCV  
  35  4:08  Liberator  
  35  4:09  Marine  
  36  4:10  SCV, Marine  
  36  4:11  Siege Tank  
  42  4:18  SCV  
  42  4:19  Orbital Command  
  42  4:22  SCV  
  44  4:29  Supply Depot  
  44  4:30  SCV  
  48  4:34  SCV  
  49  4:42  Marine  
  49  4:43  Marine  
  54  4:45  Siege Tank  
  54  4:47  SCV  
  54  4:49  SCV x2  
  57  4:53  Barracks  
  57  4:54  Barracks  
  57  4:56  Engineering Bay x2  
  57  5:00  Marine x2  
  60  5:25  Orbital Command  
  61  5:31  Liberator x2  
  59  5:37  Barracks Reactor  
  64  5:55  Barracks Tech Lab, Siege Tank  
  64  5:56  Barracks Tech Lab  
  67  5:57  SCV x2  
  67  6:03  Supply Depot  
  69  6:05  Supply Depot  
  69  6:07  Refinery  
  69  6:11  Barracks x2  
  69  6:13  Barracks  
  69  6:14  Barracks  
  69  6:17  Barracks  
  69  6:22  Combat Shields  
  69  6:24  Stimpack  
  69  6:25  SCV x2, Terran Infantry Armor Level 1, Marine x2  
  73  6:29  Marine x2  
  73  6:32  SCV  
  76  6:34  Refinery  
  76  6:35  Refinery  
  76  6:37  SCV x2  
  78  6:50  Supply Depot  
  78  6:51  Terran Infantry Weapons Level 1  
  78  6:52  Supply Depot, Marine x3  
  81  6:55  SCV x3  
  81  6:58  Marine  
  85  7:07  Supply Depot  
  85  7:08  Supply Depot  
  85  7:12  Barracks Reactor x2, Siege Tank, SCV, Medivac  
  85  7:13  Barracks Reactor  
  91  7:15  Barracks Reactor  
  91  7:18  Barracks Tech Lab  
  91  7:19  Marine x3  
  91  7:20  Marine  
  95  7:26  SCV  
  95  7:28  Supply Depot  
  96  7:32  Engineering Bay  
  96  7:37  Marine x2  
  96  7:38  Marauder x2  
  96  7:40  Marine  
  96  7:41  SCV  
  96  7:42  Concussive Shells  
  104  7:45  Medivac  
  106  7:54  Marine x4  
  106  7:55  Marine  
  106  7:56  Medivac  
  106  7:57  Command Center, SCV  
  106  7:58  SCV  
  115  7:59  Marauder x3  
  115  8:03  Missile Turret  
  115  8:05  Missile Turret  
  121  8:11  Armory  
  121  8:13  Missile Turret  
  121  8:20  Marauder  
  121  8:21  Marauder  
  125  8:30  SCV  
  125  8:31  Marine x2, Marauder  
  125  8:33  Marine x2  
  129  8:34  Supply Depot  
  129  8:35  Supply Depot  
  129  8:41  Missile Turret, Marauder  
  129  8:45  Missile Turret  
  123  9:12  Marine  
  123  9:13  Marauder x2  
  113  9:24  Marine x2  
  113  9:25  Marauder  
  117  9:32  Missile Turret  
  117  9:34  Missile Turret, Marauder  
  119  9:50  Marine x5  
  119  9:51  Marauder, Marine x4  
  119  9:52  Marine x2  
  132  9:55  Marine  
  128  10:08  Marine x9  
  128  10:09  Marine  
  128  10:10  Marine  
  89  10:29  Marine x9  
  89  10:34  Marine x3  
  89  10:35  Marine  
  82  10:46  Marine  
  82  10:47  Medivac x2, Marine x3  
  82  10:49  SCV x2  
  89  10:53  Marine  
  91  11:01  SCV x2  
  91  11:12  Marine x8  
  91  11:13  SCV x2  
  91  11:14  Marine x2  
  103  11:20  Medivac x2  
  107  11:26  Marine x2  
  84  12:24  Marine  
Tags
 
Add a new tag
Caveats
  • Supply blocks, unpowered buildings, or Contaminate may cause inaccurate times.
  • Supply counts are checked every 10 seconds.